 Dungeon Crawl Stone Soup version 0.28-a0-247-gb8bfbab023 (webtiles) character file.

Game seed: 15730952999005138153

10171 willcat the Covert (level 11, -7/60 HPs)
             Began as a Kobold Delver on Aug 25, 2021.
             Was an Elder of Okawaru.
             Mangled by a cane toad (12 damage)
             ... on level 1 of the Lair of Beasts.
             The game lasted 00:14:26 (10832 turns).

willcat the Covert (Kobold Delver)                 Turns: 10832, Time: 00:14:27

Health: -7/60      AC:  7    Str:  9    XL:     11   Next: 88%
Magic:  18/22      EV: 21    Int: 13    God:    Okawaru [****..]
Gold:   540        SH:  5    Dex: 25    Spells: 16/25 levels left

rFire   . . .      SeeInvis .   a - +7 rapier "Winujar" {freeze, *Noise rElec rCorr}
rCold   . . .      Faith    .   (shield restricted)
rNeg    . . .      Spirit   .   D - +0 troll leather armour
rPois   .          Reflect  +   y - +0 hat
rElec   +          Harm     .   u - +0 cloak
rCorr   +          Rampage  .   (no gloves)
Will    +....                   i - +1 pair of boots
Stlth   ++++++....              f - amulet of reflection
HPRegen 1.20/turn               s - +6 ring of dexterity
MPRegen 0.18/turn               z - ring of willpower

@: lethally poisoned (-7 -> -12), confusing by touch, about to teleport
A: small, no large weapons, nightstalker 3
a: Renounce Religion, Heroism, Finesse


You were on level 1 of the Lair of Beasts.
You worshipped Okawaru.
Okawaru was greatly pleased with you.
You visited 3 branches of the dungeon, and saw 10 of its levels.

You collected 540 gold pieces.

Inventory:

Hand Weapons
 a - the +7 rapier "Winujar" (weapon) {freeze, *Noise rElec rCorr}
   (You found it on level 8 of the Dungeon)

   It freezes those it strikes, dealing additional cold damage.
   It can also slow down cold-blooded creatures.
   rElec:     It insulates you from electricity.
   *Noise:    It may make noises in combat.
   rCorr:     It protects you from acid and corrosion.
 b - a +3 scimitar of flaming
Missiles
 h - 18 poisoned darts (quivered)
Armour
 i - a +1 pair of boots (worn)
 t - a +1 robe of fire resistance
 u - a +0 cloak (worn)
 y - a +0 hat (worn)
 D - a +0 troll leather armour (worn)
Jewellery
 f - an amulet of reflection (around neck)
 s - a +6 ring of dexterity (left hand)
 z - a ring of willpower (right hand)
Wands
 g - a wand of digging (11)
 k - a wand of acid (5)
 q - a wand of polymorph (14)
Scrolls
 c - a scroll of fog
 d - a scroll of magic mapping
 v - a scroll of vulnerability
Potions
 j - 5 potions of curing
 l - a potion of lignification {unknown}
 m - a potion of degeneration {unknown}
 n - 2 potions of brilliance
 o - 2 potions of ambrosia
 p - 2 potions of heal wounds
 r - a potion of mutation {unknown}
 A - a potion of attraction {unknown}
 B - a potion of flight {unknown}
 C - a potion of cancellation {unknown}


   Skills:
 - Level 3.2 Fighting
 + Level 10.3 Short Blades
 + Level 0.3 Armour
 + Level 8.5 Dodging
 + Level 11.4 Stealth
 + Level 7.5 Spellcasting
 + Level 2.1 Conjurations
 - Level 5.5 Hexes
 + Level 6.4 Necromancy
 + Level 2.1 Air Magic
 + Level 2.1 Poison Magic
 + Level 3.1 Invocations
 - Level 3.5 Evocations


You had 16 spell levels left.
You knew the following spells:

 Your Spells              Type           Power      Damage    Failure   Level
a - Confusing Touch       Hex            19%        N/A       6%          3
b - Vampiric Draining     Necr           10%        2d7       4%          3
c - Mephitic Cloud        Conj/Pois/Air  10%        N/A       24%         3

Your spell library contained the following spells:

 Spells                   Type           Power      Damage    Failure   Level
 Slow                     Hex            19%        N/A       3%          2
 Magic Dart               Conj           40%        1d5       9%          1
 Dazzling Flash           Conj/Hex       28%        N/A       12%         3
 Beastly Appendage        Tmut           8%         N/A       21%         1
 Wereblood                Tmut           4%         N/A       30%         2
 Spider Form              Tmut/Pois      3%         N/A       36%         3
 Fulminant Prism          Conj/Hex       7%         3d7       38%         4
 Ozocubu's Armour         Ice            4%         N/A       52%         3
 Iskenderun's Mystic Bla  Conj/Tloc      7%         2d4       77%         4
 Lee's Rapid Deconstruct  Erth           2%         3d5*      99%         5
 Starburst                Conj/Fire      3%         6d3       100%        6
 Ozocubu's Refrigeration  Ice            2%         4d5       100%        7
 Call Imp                 Summ           Unusable   N/A       N/A         2

Dungeon Overview and Level Annotations

Branches:
Dungeon (11/15)            Temple (1/1) D:7            Lair (1/6) D:8
    Orc: D:9-12

Altars:
Ashenzari
Cheibriados
Dithmenos
Elyvilon
Fedhas
Gozag
Hepliaklqana
Kikubaaqudgha
Makhleb
Nemelex Xobeh
Okawaru
Qazlal
Sif Muna
Trog
Uskayaw
Vehumet
Wu Jian
Xom
Zin
The Shining One
Lugonu

Annotations:
D:8 3 runed translucent doors


Innate Abilities, Weirdness & Mutations

You are small and have problems with some larger weapons.
You are completely attuned to the shadows.


Message History

The black mamba appears confused.
You block the black mamba's attack. The black mamba bites you.
You puncture the black mamba! You freeze the black mamba.
The black mamba is moderately wounded.
You strike the helpless black mamba from behind!
You spit the black mamba like a pig!!!
The black mamba seems to slow down.
You freeze the black mamba!
Your rapier "Winujar" raves incoherently.
You kill the black mamba!
Okawaru is honoured by your kill.
You hear a croak.
You hear a roar!
You hear a croak. x2
You hear a loud, deep croak! x2
Casting: Confusing Touch (dangerous; 6% risk of failure)
Confirm with . or Enter, or press ? or * to list all spells.
Your hands begin to glow red.
The cane toad stings you!
You are poisoned.
The cane toad poisons you!
Unknown command.
You hit the cane toad but do no damage.
You feel very sick.
You barely miss the cane toad.
You feel sick. The cane toad completely misses you.
You hit the cane toad but do no damage.
You feel sick. The cane toad completely misses you.
You hit the cane toad but do no damage.
You feel sick. The cane toad stings you.
You are more poisoned.
The cane toad poisons you!
You hit the cane toad but do no damage.
You feel very sick. The cane toad stings you!!
* * * LOW HITPOINT WARNING * * *
A five-headed hydra comes into view.
Unknown command.
As you read the scroll of teleportation, it crumbles to dust.
You feel strangely unstable.
* * * LOW HITPOINT WARNING * * *
You feel very sick. The cane toad stings you!
You die...

#....................#.......
#...................##.#...#.
#..............#............#
.............................
#............................
..........................
..........................
.....##P.. ...F@.....
.......... ..##...... ..
#P..... ....D..


You could see a five-headed hydra and a cane toad.

Vanquished Creatures
  Gastronok (D:8)
  Erica (D:8)
  Pikel (D:7)
  An ugly thing (D:10)
  A black mamba (Lair:1)
  2 cane toads
  An unseen horror (D:10)
  A hornet (D:9)
  2 trolls
  A vampire (D:10)
  A wyvern (D:9)
  15 yaks
  2 wargs (D:7)
  2 ice beasts
  3 orc warriors
  A sky beast (D:5)
  A black bear (D:7)
  A hornet zombie (D:7)
  3 ogres
  4 centaurs
  A phantom (D:7)
  A kobold brigand (D:9)
  A bullfrog (D:7)
  A gnoll sergeant (D:8)
  A water moccasin zombie (D:5)
  2 scorpions (D:5)
  3 wights (D:9)
  3 centaur zombies
  2 bullfrog zombies (D:7)
  3 orc priests
  2 jellies
  3 orc wizards
  A scorpion zombie (D:5)
  4 iguanas
  A howler monkey zombie (D:7)
  8 adders
  4 gnolls
  A shadow imp (D:5)
  3 white imps
  A dart slug (D:5)
  18 orcs
  A quokka (D:5)
  6 kobolds (D:9)
116 creatures vanquished.

Vanquished Creatures (others)
  10 plants
10 creatures vanquished.

Grand Total: 126 creatures vanquished

Notes
Turn   | Place    | Note
-------+----------+-------------------------------------------
     0 | D:5      | willcat the Kobold Delver began the quest for the Orb.
     0 | D:5      | Reached XP level 1. HP: 14/14 MP: 1/1
   311 | D:5      | Noticed an iguana
   341 | D:5      | Noticed a scorpion
   405 | D:5      | Reached XP level 2. HP: 19/19 MP: 1/3
   407 | D:5      | Reached skill level 1 in Spellcasting
   407 | D:5      | Reached XP level 3. HP: 23/23 MP: 1/4
   735 | D:6      | Learned a level 3 spell: Confusing Touch
   747 | D:5      | Reached skill level 7 in Stealth
   747 | D:5      | Reached XP level 4. HP: 19/28 MP: 4/6
   965 | D:5      | Noticed an ogre
  1072 | D:6      | Found a stormy altar of Qazlal.
  1225 | D:6      | Noticed a centaur
  1239 | D:6      | Killed a centaur
  1240 | D:6      | Reached skill level 1 in Hexes
  1240 | D:6      | Reached XP level 5. HP: 21/32 MP: 3/8
  1368 | D:6      | Found a white marble altar of Elyvilon.
  1449 | D:6      | Reached XP level 6. HP: 32/37 MP: 5/9
  1472 | D:6      | Reached skill level 1 in Evocations
  1558 | D:6      | Noticed an ice beast
  1562 | D:6      | Killed an ice beast
  1675 | D:6      | Reached XP level 7. HP: 41/41 MP: 10/10
  1741 | D:6      | Noticed a troll
  1781 | D:6      | Killed a troll
  1782 | D:6      | Reached skill level 5 in Short Blades
  1782 | D:6      | Reached skill level 8 in Stealth
  3189 | D:5      | Reached XP level 8. HP: 43/46 MP: 5/12
  3896 | D:5      | Reached skill level 5 in Dodging
  4398 | D:5      | Learned a level 3 spell: Vampiric Draining
  4707 | D:7      | Reached skill level 9 in Stealth
  4718 | D:7      | Found a shimmering altar of Xom.
  4749 | D:7      | Reached skill level 1 in Necromancy
  4850 | D:7      | Found a staircase to the Ecumenical Temple.
  4858 | Temple   | Entered the Ecumenical Temple
  4966 | Temple   | Became a worshipper of Warmaster Okawaru
  5086 | D:7      | Found a snail-covered altar of Cheibriados.
  5086 | D:7      | Found an opulent altar of Gozag.
  5133 | D:7      | Found a blossoming altar of Fedhas.
  5135 | D:7      | Found a shadowy altar of Dithmenos.
  5137 | D:7      | Found a glowing golden altar of the Shining One.
  5137 | D:7      | Found an ornate altar of the Wu Jian Council.
  5138 | D:7      | Found a shimmering blue altar of Sif Muna.
  5139 | D:7      | Found an ancient bone altar of Kikubaaqudgha.
  5333 | D:7      | Reached XP level 9. HP: 51/51 MP: 15/15
  5587 | D:8      | Noticed Erica
  5592 | D:8      | Killed Erica
  5592 | D:8      | Reached * piety under Okawaru
  5613 | D:7      | Reached skill level 5 in Spellcasting
  5688 | D:8      | Found a staircase to the Lair.
  5741 | D:7      | Reached skill level 10 in Stealth
  5750 | D:7      | Reached ** piety under Okawaru
  5982 | D:8      | Reached skill level 5 in Hexes
  6087 | D:8      | Reached XP level 10. HP: 29/56 MP: 11/17
  6593 | D:8      | Noticed Pikel
  6618 | D:7      | Killed Pikel
  6667 | D:8      | Identified the +7 rapier "Winujar" {freeze, *Noise rElec
                  | rCorr}
  7561 | D:8      | Noticed Gastronok
  7567 | D:8      | Killed Gastronok
  7567 | D:8      | Reached *** piety under Okawaru
  7568 | D:8      | Reached skill level 5 in Necromancy
  7568 | D:8      | Reached XP level 11. HP: 60/60 MP: 19/21
  7586 | D:8      | Found a runed translucent gate.
  7587 | D:8      | Found a runed translucent gate.
  7587 | D:8      | Noticed a red ugly thing
  7587 | D:8      | Noticed a red ugly thing
  7588 | D:8      | Found a runed translucent gate.
  7594 | D:8      | Noticed a glowing orange brain
  7595 | D:8      | Noticed a cyan ugly thing
  7597 | D:8      | Noticed a red ugly thing
  7629 | D:8      | Noticed a green ugly thing
  8488 | D:9      | Reached skill level 1 in Invocations
  8522 | D:9      | Learned a level 3 spell: Mephitic Cloud
  8934 | D:9      | Reached skill level 10 in Short Blades
  9049 | D:10     | Entered Level 10 of the Dungeon
  9068 | D:10     | Reached skill level 11 in Stealth
  9107 | D:10     | Noticed a red ugly thing
  9111 | D:10     | Killed a red ugly thing
  9112 | D:10     | Reached skill level 1 in Conjurations
  9426 | D:10     | Received a gift from Okawaru
  9444 | D:10     | Reached skill level 1 in Air Magic
  9444 | D:10     | Reached skill level 1 in Poison Magic
 10042 | D:10     | Reached **** piety under Okawaru
 10747 | Lair:1   | Entered Level 1 of the Lair of Beasts
 10831 | Lair:1   | Noticed a five-headed hydra
 10832 | Lair:1   | Mangled by a cane toad

Illustrated notes

Levels and vault maps discovered:
D:4:      layout_basic, nicolae_ru_sacrificial_ziggurat,
          ebering_ghost_reflecting_pool, kennysheep_generic_room_11
D:5:      layout_loops_corners, guppyfry_early_lair_pool
D:6:      layout_basic, nicolae_qazlal_eye_of_the_storm, elyvilon_altar_1
D:7:      layout_rooms, amcnicky_altar_gilded, minitemple,
          minmay_temple_entry_hall, grunt_decor_mini_mirrors,
          nicolae_zen_rock_garden, supply_closet_lemuel
D:8:      layout_rooms, erik_lair_orcish_takeover,
          ploomutoo_gammafunk_ghost_potion_laboratory, abandoned_shop,
          minmay_misc_feat_ornament, uniq_pikel, uniq_erica, uniq_gastronok
D:9:      layout_small_grid
D:10:     layout_cave_pods
D:11:     layout_stronghold, orc_0_dummy, serial_shops,
          nicolae_shop_window_shopping, uniq_psyche, uniq_snorg, uniq_grum,
          uniq_maurice
Temple:   corrupted_temple
Lair:1:   layout_gridlike, minmay_lair_oklob_chamber, grunt_megastairs_3,
          lemuel_fruit_fields, serial_bayou_shore_a

Skill      XL: |  1  2  3  4  5  6  7  8  9 10 11 |
---------------+----------------------------------+-----
Short Blades   | 3 4 5 6 7 9 10 | 10.3
Spellcasting   | 1 2 3 4 5 6 7 |  7.5
Dodging        | 3 4 5 6 7 8 |  8.5
Stealth        | 7 8 9 10 11 | 11.4
Hexes          | 1 2 3 5 |  5.5
Evocations     | 1 2 3 |  3.5
Necromancy     | 1 3 5 6 |  6.4
Invocations    | 3 |  3.1
Conjurations   | 2 |  2.1
Air Magic      | 2 |  2.1
Poison Magic   | 2 |  2.1
Fighting       | |  3.2
Armour         | |  0.3

Action                   |  1- 3 |  4- 6 |  7- 9 | 10-12 || total
-------------------------+-------+-------+-------+-------++-------
Melee: Short sword       |    35 |    70 |   227 |    32 ||   364
       Rapier            |       |       |       |   185 ||   185
 Cast: Confusing Touch   |       |     1 |    18 |    17 ||    36
       Vampiric Draining |       |       |       |    19 ||    19
Evoke: Wand              |       |     1 |     9 |     3 ||    13
  Use: Scroll            |       |       |     1 |     9 ||    10
       Potion            |       |       |     1 |       ||     1
 Stab: Sleeping          |     3 |     6 |    14 |    11 ||    34
       Confused          |       |     1 |    19 |    17 ||    37
       Distracted        |       |       |     2 |     1 ||     3
Armor: Leather armour    |     1 |    22 |    28 |     2 ||    53
       Robe              |       |       |       |    22 ||    22
Dodge: Dodged            |    20 |    53 |   121 |   143 ||   337
Block: Other             |       |       |    23 |    34 ||    57
       Reflection        |       |       |     2 |     3 ||     5

Table legend: (Time is in decaauts)
 A = Elapsed time spent in this place.
 B = Non-inter-level travel time spent in this place.
 C = Inter-level travel time spent in this place.
 D = Time resting spent in this place.
 E = Time spent auto-exploring this place.
 F = Levels seen in this place.
 G = Mean time per level.
                   A        B        C        D        E       F      G
               +--------+--------+--------+--------+--------+-----+--------+
         Total |  10714 |  10311 |    403 |   3386 |   5190 |  10 | 1071.4 |
       Dungeon |  10513 |  10122 |    391 |   3386 |   5043 |   8 | 1314.1 |
        Temple |    119 |    108 |     11 |      0 |     86 |   1 |  119.0 |
          Lair |     80 |     80 |      0 |      0 |     61 |   1 |   80.0 |
               +--------+--------+--------+--------+--------+-----+--------+

Top non-repeatable levels by time:
     D:5: 2597 daAuts
     D:6: 1835 daAuts
     D:7: 1803 daAuts
    D:10: 1349 daAuts
     D:8: 1313 daAuts
     D:9: 1125 daAuts
    D:11: 290 daAuts
     D:4: 198 daAuts
  Temple: 119 daAuts
  Lair:1: 80 daAuts
